 Dungeon Crawl Stone Soup version 0.21-a0-113-g6841d05 (webtiles) character file.

95 Geomchi the Insei (level 4, -4/30 HPs)
             Began as an Octopode Transmuter on July 12, 2017.
             Was an Initiate of Okawaru.
             Killed by divine providence
             ... invoked by an orc priest
              (12 damage)
             ... on level 3 of the Dungeon.
             The game lasted 00:03:05 (2971 turns).

Geomchi the Insei (Octopode Transmuter)             Turns: 2971, Time: 00:03:06

Health: -4/30      AC:  1    Str:  9    XL:     4   Next: 66%
Magic:  1/7        EV: 13    Int: 16    God:    Okawaru [......]
Gold:   48         SH:  0    Dex: 12    Spells: 1/7 levels left

rFire    . . .     SeeInvis .     - Unarmed
rCold    . . .     Gourm    .   (no shield)
rNeg     . . .     Faith    .   (helmet restricted)
rPois    .         Spirit   .   (no amulet)
rElec    .         Reflect  .   (no ring)
rCorr    .         Harm     .   (no ring)
MR       .....                  (no ring)
Stlth    ++........             (no ring)
HPRegen  0.10/turn              (no ring)
MPRegen  0.10/turn              (no ring)
                                (no ring)
                                (no ring)

@: appendage, very slightly contaminated
A: almost no armour, stealthy swim, amphibious, 8 rings, constrict 8, tentacle
spike 3, camouflage 1, gelatinous body 1
a: End Transformation, Renounce Religion


You were on level 3 of the Dungeon.
You worshipped Okawaru.
Okawaru was noncommittal.
You were not hungry.
One of your tentacles had a temporary spike.
You visited 1 branch of the dungeon, and saw 3 of its levels.

You collected 48 gold pieces.

Inventory:

Missiles
 a - 35 arrows
Jewellery
 d - an uncursed ring of fire {unknown}
Scrolls
 e - 5 scrolls of identify {unknown}
 j - 2 scrolls of teleportation {unknown}
 l - a scroll of remove curse {unknown}
 m - a scroll of magic mapping {unknown}
Potions
 f - a potion of heal wounds {unknown}
 g - a potion of flight {unknown}
 h - 3 potions of haste {unknown}
 i - a potion of curing {unknown}
 o - a potion of mutation {unknown}
Books
 b - a book of Changes

   Spells                             Type                      Level
   a - Beastly Appendage              Transmutation                1
   b - Sticks to Snakes               Transmutation                2
   c - Spider Form                    Transmutation/Poison         3
   d - Ice Form                       Ice/Transmutation            4
   e - Blade Hands                    Transmutation                5
Comestibles
 c - 4 bread rations {@e1}
 n - a meat ration {@e2}


   Skills:
 + Level 2.7 Fighting
 - Level 2.0 Dodging
 + Level 3.9 Unarmed Combat
 - Level 2.0 Spellcasting
 + Level 2.8 Transmutations


You had one spell level left.
You knew the following spells:

 Your Spells              Type           Power        Failure   Level  Hunger
a - Beastly Appendage     Tmut           ##....       6%          1    #......
b - Spider Form           Tmut/Pois      #.........   34%         3    ###....
c - Sticks to Snakes      Tmut           ##......     10%         2    ###....


Dungeon Overview and Level Annotations

Branches:
Dungeon (3/15)

Altars:
Okawaru


Innate Abilities, Weirdness & Mutations

You cannot wear most types of armour.
You are very stealthy in the water. (Stealth+)
You are amphibious.
You can wear up to eight rings at the same time.
You can use your tentacles to constrict eight enemies at once.
Your skin changes colour to match your surroundings (Stealth+).
Your rubbery body absorbs attacks. (AC +1, EV +1)
One of your tentacles bears a large vicious spike.


Message History

Your vision is briefly tinged with green.
The orc shouts!
You constrict the orc, but do no damage.
The orc hits you with a hand axe.
An orc wizard comes into view. It is wielding a dagger.
You take 3 damage, and have 24/30 hp.
You now have 3/7 mp.
You miscast Spider Form.
You feel odd.
The orc wizard shouts!
You constrict the orc, but do no damage.
The orc completely misses you.
You now have 0/7 mp.
You release your grip on the orc.
The orc priest invokes the aid of Beogh against you.
Beogh smites you!
You take 13 damage, and have 11/30 hp.
MASSIVE DAMAGE!!
The orc hits you with a hand axe.
* * * LOW HITPOINT WARNING * * *
The orc priest mumbles some strange prayers to Beogh against you.
Beogh smites you!
You die...

###.# ..#.# .
#.#.#
##.######.#.# #
..........#.##.#
.....o....#...
.......o..#.##.###
...#...oo.........
# #.####@#..#....
#. #.#### # # #.#.
#.#.### #.#.#..
#.#.#.# #.#.#.#
#.#.#.#
#.#.#.#####.


You could see an orc priest, an orc wizard and 2 orcs.

Vanquished Creatures
  A howler monkey skeleton (D:3)
  3 adders (D:2)
  An ooze (D:1)
  2 worms (D:2)
  A dart slug (D:1)
  A leopard gecko (D:1)
  3 giant cockroaches
  8 goblins
  5 hobgoblins
  4 kobolds
  2 quokkas (D:2)
  A ball python (D:2)
  4 bats
  4 frilled lizards
  7 rats
47 creatures vanquished.

Notes
Turn   | Place    | Note
-------+----------+-------------------------------------------
     0 | D:1      | Geomchi the Octopode Transmuter began the quest for the Orb.
     0 | D:1      | Reached XP level 1. HP: 13/13 MP: 3/3
   190 | D:1      | Reached XP level 2. HP: 14/18 MP: 3/5
   587 | D:1      | Found an iron altar of Okawaru.
   662 | D:1      | Became a worshipper of Warmaster Okawaru
  1141 | D:1      | Reached XP level 3. HP: 24/24 MP: 4/6
  1242 | D:2      | Learned a level 3 spell: Spider Form
  1740 | D:2      | Reached XP level 4. HP: 11/29 MP: 7/7
  2303 | D:2      | Learned a level 2 spell: Sticks to Snakes
  2971 | D:3      | Killed from afar by an orc priest

Vault maps used:
D:1:      lightli_arrival_windingriver, okawaru_ov_weapons_minmay
D:2:      first_bread

Skill      XL: |  1  2  3 |
---------------+----------+-----
Fighting       | 2 |  2.7
Dodging        | |  2.0
Unarmed Combat | |  3.9
Spellcasting   | |  2.0
Transmutations | |  2.8

Action                   |  1- 3 |  4- 6 || total
-------------------------+-------+-------++-------
Melee: Unarmed           |    73 |    37 ||   110
       Kick              |    14 |    11 ||    25
       Constrict         |    14 |    14 ||    28
       Tentacles         |     7 |     6 ||    13
       Punch             |     1 |     1 ||     2
 Cast: Beastly Appendage |    22 |    16 ||    38
 Stab: Sleeping          |     1 |     2 ||     3
  Eat: Chunk             |     3 |     4 ||     7
Armor: Skin              |     6 |       ||     6
Dodge: Dodged            |    38 |    19 ||    57
